 Dungeon Crawl Stone Soup version 0.23.0 (webtiles) character file.

Game seed: 13087497347068131146

7 Monsterracer the Poker (level 2, 0/24 HPs)
             Began as a Merfolk Abyssal Knight on Feb 9, 2019.
             Was a Follower of Lugonu.
             Killed from afar by a white imp (11 damage)
             ... with a puff of frost
             ... on level 1 of the Abyss.
             The game lasted 00:00:18 (23 turns).

Monsterracer the Poker (Merfolk Abyssal Knight)       Turns: 23, Time: 00:00:19

Health: 0/24       AC:  3    Str: 12    XL:     2   Next: 0%
Magic:  3/3        EV: 12    Int: 11    God:    Lugonu [*.....]
Gold:   0          SH:  0    Dex: 13    Spells: 1/1 levels left

rFire    . . .     SeeInvis .   a - +1 spear
rCold    . . .     Gourm    .   (no shield)
rNeg     . . .     Faith    .   b - +0 leather armour
rPois    .         Spirit   .   (no helmet)
rElec    .         Reflect  .   (no cloak)
rCorr    .         Harm     .   (no gloves)
MR       .....                  (no boots)
Stlth    +.........             (no amulet)
HPRegen  0.08/turn              (no ring)
MPRegen  0.08/turn              (no ring)

@: no status effects
A: change form in water, swift swim, stealthy swim
a: Depart the Abyss, Renounce Religion


You were on level 1 of the Abyss.
You worshipped Lugonu.
Lugonu was aware of your devotion.
You were not hungry.

You visited 0 branches of the dungeon, and saw 0 of its levels.
You visited the Abyss 1 time.

Inventory:

Hand Weapons
 a - a +1 spear (weapon)
Armour
 b - a +0 leather armour (worn)
Comestibles
 c - a ration


   Skills:
 + Level 3.4 Fighting
 * Level 3.6 Polearms
 - Level 0.6 Armour
 - Level 2.6 Dodging
 - Level 2.0 Invocations


You had one spell level left.
You didn't know any spells.
Your spell library was empty.

Dungeon Overview and Level Annotations

Branches:
Dungeon (0/15)

Altars:


Message History

Welcome, Monsterracer the Merfolk Abyssal Knight.
The bosom of this dungeon contains the fabled artefact, the Orb of Zot.
Lugonu says: Depart the Abyss and spread corruption, my servant! (use the ability menu to exit the Abyss) Press ? for a list of commands and other information.
Found a corrupted altar of Lugonu. (m)acro, (M)acro raw, keymap [(k) default, (x) level-map, (t)argeting, (c)onfirm, m(e)nu], (s)ave?
Input macro trigger key: r Input macro action: p Created macro 'r' => 'p'. (m)acro, (M)acro raw, keymap [(k) default, (x) level-map, (t)argeting, (c)onfirm, m(e)nu], (s)ave?
Input macro trigger key: q Input macro action: p Created macro 'q' => 'p'.
A white imp comes into view.
The white imp shouts!
You hear a shout! x2
A crimson imp comes into view.
There are monsters nearby!
The crimson imp shouts!
Found a gateway leading out of the Abyss.
A crimson imp and a white imp come into view.
The crimson imp shouts!
The white imp shouts, "Get thee hence, thou loggerheaded hell-hated bootlicker!"
Something shouts, "Fly, thou surly nut-hook dingleberry!"
A crimson imp comes into view.
The white imp closely misses you.
Found a gateway leading deeper into the Abyss.
You hit the white imp.
The white imp is lightly wounded.
A white imp comes into view.
The crimson imp closely misses you. The white imp gestures at you.
The puff of frost hits you.
You take 5 damage, and have 13/18 hp.
MASSIVE DAMAGE!!
The crimson imp blinks!
You closely miss the white imp.
The white imp is lightly wounded.
The white imp closely misses you.
You closely miss the white imp.
The white imp is lightly wounded.
The white imp hits you but does no damage.
You hit the white imp but do no damage.
The white imp is lightly wounded.
The white imp barely misses you.
You barely miss the white imp.
The white imp is lightly wounded.
The white imp barely misses you.
You hit the white imp.
The white imp is moderately wounded.
The crimson imp blinks!
You closely miss the white imp.
The white imp is moderately wounded.
The white imp gestures at you. The puff of frost misses you.
A crimson imp comes into view.
The crimson imp shouts!
You hit the white imp.
The white imp is severely wounded.
The white imp gestures at you. The puff of frost hits you.
* * * LOW HITPOINT WARNING * * *
The crimson imp blinks!
You take 6 damage, and have 7/18 hp.
MASSIVE DAMAGE!!
You hit the white imp.
You kill the white imp!
You have reached level 2!
You regained 3 hp, and now have 10/24 hp.
MP restored: 3 Unknown command.
The white imp puffs mist at you.
The crimson imp blinks!
The white imp gestures at you. The puff of frost misses you.
The white imp gestures at you. The puff of frost hits you!
You die...

......>......# .
≈≈≈≈≈≈ §... ≈. ...
≈ .. # ## .
.∩...≈≈# #. .
.....≈≈≈# #.#.
≈≈5≈≈5... # ..####
#.5......
#..#.#.## ###5#
#....@..###.5##
......###..###.##
.##.##...##5#...#
.....###.##55#...#
. . #. .###..#
#.....# .. .
#.#..## .... #.
.#. ..... .. ## #
# ###


You could see 2 crimson imps and a white imp.

Vanquished Creatures
  A white imp (Abyss:1)
1 creature vanquished.

Notes
Turn   | Place    | Note
-------+----------+-------------------------------------------
     0 | Abyss:1  | Monsterracer the Merfolk Abyssal Knight began the quest for
                  | the Orb.
     0 | Abyss:1  | Reached XP level 1. HP: 18/18 MP: 2/2
     1 | Abyss:1  | Noticed a crimson imp
     3 | Abyss:1  | Noticed a crimson imp
     3 | Abyss:1  | Noticed a crimson imp
    12 | Abyss:1  | Noticed a crimson imp
    13 | Abyss:1  | HP: 7/18 [white imp/puff of frost (6)]
    14 | Abyss:1  | Reached XP level 2. HP: 10/24 MP: 3/3
    23 | Abyss:1  | Killed from afar by a white imp

Action                   || total
-------------------------++-------
Melee: Spear             ||     9
Armor: Leather armour    ||     1
Dodge: Dodged            ||     7

Levels and vault maps discovered:
Abyss:1
